 Dungeon Crawl Stone Soup version 0.30-a0-360-g447f08457e (webtiles) character file.

Game seed: 15549659114003654930

587 billz999 the Chopper (level 7, -2/54 HPs)
             Began as a Demonspawn Gladiator on Nov 14, 2022.
             Splashed by a jelly's acid (11 damage)
             ... on level 4 of the Dungeon.
             The game lasted 00:03:50 (2757 turns).

billz999 the Chopper (Demonspawn Gladiator)         Turns: 2757, Time: 00:03:51

Health: -2/54      AC: -10   Str: 14 (16) XL:     7   Next: 15%
Magic:  7/7        EV: 13    Int:  9      God:
Gold:   72         SH:  0    Dex: 13 (15) Spells: 6/6 levels left

rFire   . . .      SeeInvis .    o - +1 whip "Citapleb" {protect, rElec}
rCold   . . .      Faith    .    (no shield)
rNeg    . . .      Spirit   .    b - +0 leather armour
rPois   .          Reflect  .    c - +0 helmet
rElec   +          Harm     .    (no cloak)
rCorr   .          Rampage  .    (no gloves)
Will    .....                    (no boots)
Stlth   +.........               (no amulet)
HPRegen 0.29/turn                (no ring)
MPRegen 0.10/turn                (no ring)

@: corroded
A: molten scales 1, ignite blood 1, weakness stinger 1
a: no special abilities


You were on level 4 of the Dungeon.
You visited 1 branch of the dungeon, and saw 4 of its levels.

You collected 156 gold pieces.
You spent 84 gold pieces at shops.

Inventory:

Hand Weapons
 a - a +0 war axe
 j - a +1 dagger of draining
 o - the +1 whip "Citapleb" (weapon) {protect, rElec}
   (You found it on level 3 of the Dungeon)

   It grants its wielder temporary protection when it strikes (+7 to AC).
   rElec:     It insulates you from electricity.
Missiles
 d - 3 throwing nets (quivered)
 e - a javelin
Armour
 b - a +0 leather armour (worn)
 c - a +0 helmet (worn)
Jewellery
 k - a ring of protection from cold
Scrolls
 h - a scroll of magic mapping {unknown}
 l - a scroll of fear {unknown}
 m - a scroll of noise {unknown}
 n - a scroll of teleportation {unknown}
 r - a scroll of vulnerability {unknown}
 t - a scroll of identify {unknown}
Potions
 f - a potion of degeneration
 p - a potion of flight {unknown}
 q - a potion of haste {unknown}
 u - a potion of invisibility {unknown}


   Skills:
 + Level 4.2 Fighting
 * Level 5.6 Axes
 - Level 1.7 Throwing
 + Level 4.4 Dodging


You had 6 spell levels left.
You didn't know any spells.
Your spell library contained the following spells:

 Spells                   Type           Power      Damage    Failure   Level
 Animate Dead             Necr           0%         N/A       99%         4
 Haunt                    Necr/Summ      0%         N/A       100%        7
 Infestation              Necr           0%         N/A       100%        8


Dungeon Overview and Level Annotations

Branches:
Dungeon (4/15)
 Temple: D:4-7

Altars:
Ashenzari
Cheibriados
Kikubaaqudgha
Wu Jian
Xom

Shops:
D:3 !   D:4 *


Innate Abilities, Weirdness & Mutations

You are partially covered in molten scales. (AC +2)
Your demonic aura sometimes causes spilled blood to erupt in flames.
You have a small tail.


Message History

You hit the jelly.
Your weapon exudes an aura of protection.
Your hands burn!
The jelly is lightly wounded.
The jelly hits you but does no damage.
You hit the jelly. The acid corrodes you!
Your hands burn!
The jelly is moderately wounded.
The jelly barely misses you.
You hit the jelly but do no damage. The acid corrodes you!
Your hands burn!
The jelly is moderately wounded.
You hit the jelly but do no damage.
Your hands burn!
You tail-slap the jelly.
The jelly is moderately wounded.
The jelly hits you but does no damage.
You barely miss the jelly.
You tail-slap the jelly, but do no damage.
The jelly is moderately wounded.
The jelly closely misses you.
You hit the jelly but do no damage.
Your hands burn!
You tail-slap the jelly.
The jelly is heavily wounded.
The jelly hits you. The acid corrodes you!
You are splashed with acid!
You hit the jelly but do no damage.
Your hands burn!
The jelly is heavily wounded.
The jelly misses you.
You hit the jelly but do no damage. The acid corrodes you!
Your hands burn!
The jelly is heavily wounded.
The jelly closely misses you.
You completely miss the jelly.
The jelly is heavily wounded.
The jelly hits you.
You are splashed with acid!
* * * LOW HITPOINT WARNING * * *
You hit the jelly but do no damage. The acid corrodes you!
Your hands burn!
* * * LOW HITPOINT WARNING * * *
You tail-slap the jelly, but do no damage.
The jelly is heavily wounded.
The jelly closely misses you.
You see here the felid corpse of Natasha.
The jelly attacks as you move away! The jelly hits you.
* * * LOW HITPOINT WARNING * * *
You are splashed with acid!
You die...

#.# #.# #.#
##########.#
############..††..)...#
...........##'#########
##########.#...#
#J#.∩.# #@#...# #.##'##
#....# ######


You could see a jelly.

Vanquished Creatures
  3 water moccasins (D:4)
  2 scorpions
  Natasha (D:4)
  Robin (D:3)
  3 gnolls (D:3)
  2 adders (D:3)
  2 dart slugs
  5 bats
  5 endoplasms
  2 giant cockroaches
  19 goblins
  9 hobgoblins
  5 kobolds
  6 ball pythons
  4 frilled lizards
  4 rats
73 creatures vanquished.

Vanquished Creatures (others)
  A plant (D:3)
1 creature vanquished.

Grand Total: 74 creatures vanquished

Notes
Turn   | Place    | Note
-------+----------+-------------------------------------------
     0 | D:1      | billz999 the Demonspawn Gladiator began the quest for the
                  | Orb.
     0 | D:1      | Reached XP level 1. HP: 16/16 MP: 1/1
    79 | D:1      | Reached skill level 3 in Axes
    79 | D:1      | Gained mutation: You are partially covered in molten
                  | scales. (AC +2) [demonic ancestry]
    79 | D:1      | Reached XP level 2. HP: 22/22 MP: 2/2
   632 | D:2      | Noticed a scorpion
   636 | D:2      | Killed a scorpion
   637 | D:2      | Gained mutation: Your demonic aura sometimes causes spilled
                  | blood to erupt in flames. [demonic ancestry]
   637 | D:2      | Reached XP level 3. HP: 28/28 MP: 3/3
   637 | D:2      | Reached XP level 4. HP: 34/34 MP: 4/4
  1503 | D:3      | Reached skill level 4 in Axes
  1515 | D:3      | Identified the +1 whip "Citapleb" {protect, rElec}
  1554 | D:3      | Noticed a scorpion
  1560 | D:3      | Killed a scorpion
  1561 | D:3      | Gained mutation: You have a small tail. [demonic ancestry]
  1561 | D:3      | Reached XP level 5. HP: 34/41 MP: 5/5
  1684 | D:3      | Found Ybe Gorch's Distillery.
  1705 | D:3      | Bought a potion of curing for 42 gold pieces
  1705 | D:3      | Bought a potion of curing for 42 gold pieces
  1800 | D:3      | Found an ornate altar of the Wu Jian Council.
  1800 | D:3      | Found a snail-covered altar of Cheibriados.
  1800 | D:3      | Found a broken altar of Ashenzari.
  1823 | D:3      | Found a shimmering altar of Xom.
  1825 | D:3      | Found a blossoming altar of Fedhas.
  1825 | D:3      | Found an iron altar of Okawaru.
  1827 | D:3      | Found an ancient bone altar of Kikubaaqudgha.
  1827 | D:3      | Found a burning altar of Makhleb.
  2039 | D:3      | Noticed Robin
  2056 | D:3      | Killed Robin
  2129 | D:3      | Found a faded altar of an unknown god.
  2523 | D:4      | Found Ankutib's Serpentskin Sales.
  2523 | D:4      | Noticed a water moccasin
  2523 | D:4      | Noticed a water moccasin
  2523 | D:4      | Noticed a water moccasin
  2543 | D:4      | Killed a water moccasin
  2544 | D:4      | Reached skill level 5 in Axes
  2544 | D:4      | Reached XP level 6. HP: 25/48 MP: 6/6
  2554 | D:4      | Killed a water moccasin
  2560 | D:4      | HP: 2/48 [water moccasin (5)]
  2565 | D:4      | Killed a water moccasin
  2566 | D:4      | Reached XP level 7. HP: 20/54 MP: 7/7
  2706 | D:4      | Noticed Natasha
  2719 | D:4      | Killed Natasha
  2757 | D:4      | Splashed by a jelly's acid

Illustrated notes

Levels and vault maps discovered:
D:1:      amcnicky_arrival_feature_with_door, layout_basic
D:2:      layout_basic, nicolae_elevator_lobby_asterisk
D:3:      layout_basic, doesnt_xom_only_xom, gammafunk_temple_overflow_claw,
          serial_shops, shop, dreamdust_ecumenical_altar_hidden_monk_grotto,
          serial_bayou_pond_d, dreamdust_wishing_well, minivault_5,
          wad_floor_pattern_untrapped, uniq_robin
D:4:      layout_loops_ring, chequers_temple_overflow_minitemple,
          gammafunk_ghost_nasty_kobolds, guppyfry_shop_venom, uniq_menkaure,
          uniq_natasha

Skill      XL: |  1  2  3  4  5  6 |
---------------+-------------------+-----
Axes           | 3 4 5 |  5.6
Dodging        | 3 4 |  4.4
Fighting       | 3 4 |  4.2
Throwing       | |  1.7

Action                   |  1- 3 |  4- 6 |  7- 9 || total
-------------------------+-------+-------+-------++-------
Melee: War axe           |    54 |   125 |       ||   179
       Punch             |       |     1 |       ||     1
       Tailslap          |       |    10 |     5 ||    15
       Whip              |       |    10 |    22 ||    32
  Use: Potion            |       |     8 |       ||     8
 Stab: Sleeping          |     1 |       |       ||     1
Armor: Leather armour    |    11 |    57 |    12 ||    80
Dodge: Dodged            |    44 |   119 |     9 ||   172

Table legend: (Time is in decaauts)
 A = Elapsed time spent in this place.
 B = Non-inter-level travel time spent in this place.
 C = Inter-level travel time spent in this place.
 D = Time resting spent in this place.
 E = Time spent auto-exploring this place.
 F = Levels seen in this place.
 G = Mean time per level.
                   A        B        C        D        E       F      G
               +--------+--------+--------+--------+--------+-----+--------+
         Total |   2820 |   2664 |    156 |    152 |   2006 |   4 |  705.0 |
       Dungeon |   2820 |   2664 |    156 |    152 |   2006 |   4 |  705.0 |
               +--------+--------+--------+--------+--------+-----+--------+

Top non-repeatable levels by time:
     D:3: 993 daAuts
     D:2: 800 daAuts
     D:1: 649 daAuts
     D:4: 376 daAuts
